 Dungeon Crawl Stone Soup version 0.25-a0-41-g6cf4ce537d (webtiles) character file.

Game seed: 15313661367055090389, levelgen mode: deterministic

3663 Gargoyl the Chopper (level 9, -4/74 HPs)
             Began as a Centaur Abyssal Knight on Oct 21, 2019.
             Was a Priest of Lugonu.
             Slain by a sky beast (6 damage)
             ... on level 7 of the Dungeon.
             The game lasted 00:12:57 (9716 turns).

Gargoyl the Chopper (Centaur Abyssal Knight)        Turns: 9716, Time: 00:12:58

Health: -4/74      AC: 10    Str: 16    XL:     9   Next: 89%
Magic:  9/12       EV:  8    Int: 13    God:    Lugonu [***...]
Gold:   361        SH:  8    Dex:  9    Spells: 8/8 levels left

rFire    . . .     SeeInvis .   a - +2 hand axe
rCold    . . .     Gourm    .   p - +0 shield (curse)
rNeg     . . .     Faith    .   g - +0 scale mail
rPois    +         Spirit   .   (helmet restricted)
rElec    .         Reflect  .   (no cloak)
rCorr    .         Harm     .   e - +2 pair of gloves
MR       .....                  (no barding)
Stlth    ..........             d - amulet of regeneration
HPRegen  0.62/turn              u - +2 ring of evasion
MPRegen  0.13/turn              n - ring of flight

@: very quick
A: large, antennae 1, hooves 3, clever 1, clumsy 1, deformed body, speed 2,
poison resistance, tough skin 3
a: Depart the Abyss, Bend Space, Banish, Renounce Religion, Evoke Flight


You were on level 7 of the Dungeon.
You worshipped Lugonu.
Lugonu was most pleased with you.
You were not hungry.

You visited 1 branch of the dungeon, and saw 7 of its levels.
You visited the Abyss 1 time.

You collected 361 gold pieces.

Inventory:

Hand Weapons
 a - a +2 hand axe (weapon)
Armour
 e - a +2 pair of gloves (worn)
 g - a +0 scale mail (worn)
 p - a cursed +0 shield (worn)
Jewellery
 d - an amulet of regeneration (around neck)
 n - a ring of flight (right hand)
 u - a +2 ring of evasion (left hand)
Wands
 i - a wand of iceblast (5)
 r - a wand of paralysis (6)
Scrolls
 f - a scroll of identify
 k - a scroll of remove curse
 o - a scroll of enchant weapon
Potions
 h - a potion of lignification {unknown}
 j - a potion of magic {unknown}
 l - 2 potions of cancellation {unknown}
 m - a potion of ambrosia {unknown}
 q - 3 potions of flight
 t - a potion of curing {unknown}
 v - a potion of haste {unknown}
Comestibles
 b - 2 chunks of flesh
 c - 9 rations


   Skills:
 + Level 5.5 Fighting
 + Level 6.5 Axes
 * Level 6.2 Armour
 + Level 2.8 Dodging
 - Level 0.1 Stealth
 * Level 3.5 Shields
 * Level 4.7 Invocations
 * Level 3.2 Evocations


You had 8 spell levels left.
You didn't know any spells.
Your spell library contained the following spells:

 Spells                   Type           Power        Failure   Level  Hunger
 Poisonous Vapours        Pois/Air       #.....       99%         2    ###....
 Conjure Flame            Conj/Fire      #.......     100%        3    ####...
 Mephitic Cloud           Conj/Pois/Air  #.......     100%        3    ####...
 Freezing Cloud           Conj/Ice/Air   #.........   100%        6    #######
 Ring of Flames           Chrm/Fire      #.........   100%        7    #######


Dungeon Overview and Level Annotations

Branches:
Dungeon (7/15)
 Temple: D:4-7

Altars:
Gozag
Qazlal
Ru
Vehumet
Xom


Innate Abilities, Weirdness & Mutations

You have hooves in place of feet.
Armour fits poorly on your strangely shaped body.
You cover ground very quickly.
You have extremely tough skin. (AC +3)
You have a pair of small antennae on your head.
Your mind is acute. (Int +2)
You are clumsy. (Dex -2)
Your system is resistant to poisons. (rPois)


Message History

Reactivating autopickup.
You block the sky beast's attack.
You hit the sky beast.
The sky beast is moderately wounded.
The sky beast closely misses you.
You hit the sky beast.
The sky beast is heavily wounded.
You block the sky beast's attack.
You completely miss the sky beast.
The sky beast is heavily wounded.
The sky beast hits you.
* * * LOW HITPOINT WARNING * * *
The sky beast shocks you.
* * * LOW HITPOINT WARNING * * *
You closely miss the sky beast.
The sky beast is heavily wounded.
The sky beast hits you.
* * * LOW HITPOINT WARNING * * *
The sky beast shocks you.
You die...

#.?. .... #..#
##..## #.... #...#
#...# ####.
#...###......
#..@Y........
#.#.###.#....
#.#.# # . #.#.#
##############.#.#
....##.........#.#
###.##.#########.#
###.##.### #.#
#........#


You could see a sky beast.

Vanquished Creatures
  A wizard (D:7)
  Joseph (D:7)
  2 sky beasts
  5 ogres
  2 centaurs
  2 bullfrogs
  3 scorpions (D:5)
  5 wights
  A bullfrog zombie (D:6)
  2 crimson imps
  An orc wizard (D:6)
  A bullfrog skeleton (D:5)
  5 hounds
  2 orc priests
  2 iguanas
  Jessica (D:3)
  6 worker ants
  A killer bee zombie (D:6)
  A hound skeleton (D:7)
  7 adders
  2 shadow imps
  An ooze (D:2)
  An adder skeleton (D:6)
  An adder zombie (D:5)
  5 worms
  2 dart slugs
  3 leopard geckos
  22 orcs
  4 ball pythons
  16 bats
  A giant cockroach (D:1)
  9 goblins
  3 hobgoblins
  9 jackals
  3 kobolds
  6 quokkas
  6 frilled lizards
  A jackal skeleton (D:4)
  A leopard gecko skeleton (D:4)
  2 leopard gecko zombies
  7 rats
156 creatures vanquished.

Vanquished Creatures (others)
  2 wizards (D:6)
  A troll (D:7)
  An orc warrior (D:6)
  6 starspawn tentacles (Abyss:3)
10 creatures vanquished.

Grand Total: 166 creatures vanquished

Notes
Turn   | Place    | Note
-------+----------+-------------------------------------------
     0 | Abyss:1  | Gargoyl the Centaur Abyssal Knight began the quest for the
                  | Orb.
     0 | Abyss:1  | Reached XP level 1. HP: 19/19 MP: 2/2
    36 | Abyss:1  | Noticed an ancient zyme
    90 | Abyss:1  | Noticed a smoke demon
    94 | Abyss:2  | Found a corrupted altar of Lugonu.
   127 | Abyss:2  | Noticed a small abomination
   151 | Abyss:2  | Noticed a purple draconian scorcher
   153 | Abyss:3  | Found a corrupted altar of Lugonu.
   162 | Abyss:3  | Noticed a tentacled starspawn
   197 | Abyss:3  | Found a viscous altar of Jiyva.
   200 | Abyss:3  | Found a corrupted altar of Lugonu.
   221 | Abyss:3  | Noticed a large abomination
   254 | Abyss:3  | Noticed an ancient zyme
   256 | Abyss:3  | Noticed an orange demon
   257 | Abyss:3  | Noticed a hell hound
   258 | D:1      | Escaped the Abyss
   455 | D:1      | Reached XP level 2. HP: 20/26 MP: 3/3
   623 | D:1      | Reached * piety under Lugonu
  1065 | D:2      | Reached XP level 3. HP: 24/33 MP: 1/4
  1561 | D:2      | Reached XP level 4. HP: 24/40 MP: 2/5
  1732 | D:2      | Reached ** piety under Lugonu
  2758 | D:3      | Found a radiant altar of Vehumet.
  3052 | D:3      | Noticed Jessica
  3064 | D:3      | Killed Jessica
  3064 | D:3      | Reached XP level 5. HP: 46/46 MP: 6/6
  3181 | D:3      | Found an opulent altar of Gozag.
  3202 | D:3      | Found a stormy altar of Qazlal.
  3204 | D:3      | Noticed an air elemental
  3205 | D:3      | Noticed a water elemental
  3205 | D:3      | Noticed a fire elemental
  4389 | D:3      | Reached skill level 1 in Dodging
  4502 | D:4      | Reached XP level 6. HP: 49/52 MP: 7/7
  4766 | D:5      | Entered Level 5 of the Dungeon
  4807 | D:5      | Gained mutation: You have a pair of small antennae on your
                  | head. [potion of mutation]
  4807 | D:5      | Gained mutation: You are clumsy. (Dex -2) [potion of
                  | mutation]
  4807 | D:5      | Gained mutation: Your mind is acute. (Int +2) [potion of
                  | mutation]
  4807 | D:5      | Gained mutation: Your system is resistant to poisons.
                  | (rPois) [potion of mutation]
  5535 | D:4      | Reached XP level 7. HP: 42/60 MP: 8/8
  5679 | D:5      | Reached *** piety under Lugonu
  6028 | D:5      | Reached skill level 5 in Axes
  6220 | D:5      | Reached skill level 1 in Shields
  6495 | D:5      | Reached XP level 8. HP: 60/67 MP: 9/9
  6558 | D:5      | Got a brightly glowing golden amulet
  7267 | D:6      | Identified the amulet "Moligi" {Acrobat Int+3} (You found
                  | it on level 5 of the Dungeon)
  7997 | D:6      | Reached skill level 1 in Evocations
  8060 | D:6      | Reached skill level 5 in Fighting
  8413 | D:6      | Reached skill level 5 in Armour
  8466 | D:6      | Found a shimmering altar of Xom.
  8581 | D:6      | Found a sacrificial altar of Ru.
  8644 | D:6      | Reached **** piety under Lugonu
  9107 | D:7      | Noticed a wizard
  9111 | D:7      | Reached XP level 9. HP: 59/74 MP: 11/11
  9136 | D:7      | Noticed a wizard
  9137 | D:7      | Noticed a wizard
  9157 | D:6      | Banished a wizard
  9310 | D:6      | HP: 3/74 [wizard/stone arrow (31)]
  9312 | D:6      | Banished a wizard
  9447 | D:7      | HP: 1/74 [wizard/stone arrow (17)]
  9449 | D:7      | Killed a wizard
  9565 | D:7      | Noticed Joseph
  9586 | D:7      | Killed Joseph
  9689 | D:7      | Noticed a troll
  9707 | D:7      | Banished a troll
  9715 | D:7      | HP: 3/74 [sky beast (6)]
  9716 | D:7      | Slain by a sky beast

Levels and vault maps discovered:
D:1:      dpeg_arrival_arbitrary_b, layout_loops_ring,
          hangedman_abyss_or_decor_lesser_grid, feat_on_display
D:2:      layout_basic, minmay_misc_feat_alley, minmay_pentomino_q4
D:3:      layout_loops_corners, nicolae_overflow_hidden_temple,
          marbit_many_paths, grunt_ministairs_14,
          nicolae_qazlal_style_of_elements, uniq_jessica
D:4:      layout_cave_pools, first_ration
D:5:      minmay_diamond_boxcup, layout_cave_pods,
          chequers_serial_rivers_large_b
D:6:      layout_layer_cave, kennysheep_little_box,
          chequers_serial_rivers_micro_a, st_stairs_11, xom_teletrap_fun
D:7:      cheibrodos_wizards_tower, layout_loops_ring,
          grunt_temple_overflow_open, lemuel_temple_firewalk_a, enter_ossuary_3,
          uniq_joseph

Skill      XL: |  1  2  3  4  5  6  7  8  9 |
---------------+----------------------------+-----
Axes           | 2 3 4 5 6 |  6.5
Fighting       | 4 5 |  5.5
Armour         | 2 3 4 5 6 |  6.2
Dodging        | 1 2 |  2.8
Shields        | 1 2 3 |  3.5
Evocations     | 1 3 |  3.2
Invocations    | 3 4 |  4.7
Stealth        | |  0.1

Action                   |  1- 3 |  4- 6 |  7- 9 || total
-------------------------+-------+-------+-------++-------
Melee: Hand axe          |   103 |   166 |   356 ||   625
       Kick              |    12 |    34 |    79 ||   125
Invok: Depart the Abyss  |     1 |       |       ||     1
       Banish            |       |       |     5 ||     5
       Bend Space        |       |       |     1 ||     1
Evoke: Wand              |       |       |     1 ||     1
  Use: Scroll            |     8 |     2 |     5 ||    15
       Potion            |     1 |     1 |     1 ||     3
 Stab: Paralysed         |       |       |    10 ||    10
  Eat: Chunk             |     1 |     7 |     7 ||    15
       Ration            |       |     1 |     2 ||     3
Armor: Scale mail        |    83 |    93 |   181 ||   357
Dodge: Dodged            |    62 |    49 |    79 ||   190
Block: Shield            |       |    41 |   130 ||   171
       Buckler           |       |     2 |       ||     2

Table legend:
 A = Non-vault XP
 B = Vault XP
 C = Vault XP percentage of total XP
 D = Non-vault monster count
 E = Vault monster count
 F = Vault count percentage of total count
                 A         B        C        D         E       F
            +---------+---------+-------+---------+---------+-------
      Total |    2993 |    2241 |  42.8 |     142 |      18 |  11.2
            +---------+---------+-------+---------+---------+-------
        D:1 |      31 |       0 |   0.0 |      17 |       0 |   0.0
        D:2 |      88 |      18 |  17.0 |      30 |       4 |  11.8
        D:3 |     117 |      43 |  26.9 |      20 |       4 |  16.7
        D:4 |     135 |       0 |   0.0 |      12 |       0 |   0.0
        D:5 |    1109 |     162 |  12.7 |      27 |       5 |  15.6
        D:6 |    1082 |     902 |  45.5 |      28 |       3 |   9.7
        D:7 |     431 |    1116 |  72.1 |       8 |       2 |  20.0
            +---------+---------+-------+---------+---------+-------
